 Dungeon Crawl Stone Soup version 0.30-a0-920-g7493c07aab (webtiles) character file.

Game seed: 16062082065160675501

2685 Twinkles the Cleaver (level 9, -17/81 HPs)
             Began as a Hill Orc Reaver on Mar 21, 2023.
             Demolished by an orc knight
             ... wielding a +0 trident
              (23 damage)
             ... in a bailey.
             The game lasted 00:28:52 (6859 turns).

Twinkles the Cleaver (Hill Orc Reaver)              Turns: 6859, Time: 00:28:53

Health: -17/81     AC: 12    Str: 19    XL:     9   Next: 64%
Magic:  11/11      EV:  8    Int: 13    God:
Gold:   379        SH:  0    Dex: 15    Spells: 10/11 levels left

rFire   . . .      SeeInvis .    a - +0 hand axe
rCold   . . .      Faith    .    (no shield)
rNeg    . . .      Spirit   .    y - +0 chain mail
rPois   .          Reflect  .    f - +1 helmet
rElec   .          Rampage  .    (no cloak)
rCorr   .                        (no gloves)
Will    .....                    (no boots) Stlth
                                 i - amulet of regeneration
HPRegen 1.13/turn                x - +6 ring of dexterity
MPRegen 0.12/turn                (no ring)

@: studying 2 skills
A: no striking features
a: no special abilities


You were in a bailey.
You visited 1 branch of the dungeon, and saw 7 of its levels.
You also visited: Bailey.

You collected 379 gold pieces.

Inventory:

Hand Weapons
 a - a +0 hand axe (weapon)
Missiles
 m - 5 poisoned darts
 v - 15 boomerangs (quivered)
Armour
 b - a +0 leather armour
 c - a +0 scale mail
 f - a +1 helmet (worn)
 y - a +0 chain mail (worn)
Jewellery
 i - an amulet of regeneration (around neck)
 x - a +6 ring of dexterity (left hand)
Wands
 d - a wand of digging (5)
Scrolls
 e - a scroll of amnesia {unknown}
 g - a scroll of poison {unknown}
 h - a scroll of enchant armour
 l - a scroll of torment {unknown}
 n - 2 scrolls of fog {unknown}
 o - a scroll of blinking {unknown}
 p - 2 scrolls of magic mapping {unknown}
 r - a scroll of brand weapon {unknown}
 B - 5 scrolls of enchant weapon
 E - 2 scrolls of fear
 Y - 3 scrolls of teleportation
 Z - a scroll of identify
Potions
 q - 2 potions of haste {unknown}
 t - 2 potions of resistance {unknown}
 u - 2 potions of brilliance {unknown}
 A - 2 potions of mutation {unknown}
 C - 2 potions of cancellation
 D - a potion of magic {unknown}
 G - a potion of ambrosia
 I - 3 potions of invisibility
 J - 5 potions of curing
 M - 4 potions of might
 N - 3 potions of heal wounds


   Skills:
 + Level 8.0 Fighting
 * Level 12.4 Axes
 + Level 6.9 Armour
 - Level 1.5 Dodging
 - Level 1.5 Spellcasting
 - Level 3.0 Conjurations


You had 10 spell levels left.
You knew the following spells:

 Your Spells              Type           Power      Damage    Failure   Level
a - Kiss of Death         Conj/Necr      16%        2d6       80%         1

Your spell library contained the following spells:

 Spells                   Type           Power      Damage    Failure   Level
 Momentum Strike          Conj/Tloc      8%         3d8       90%         2
 Freeze                   Ice            4%         1d3       94%         1
 Hailstorm                Conj/Ice       4%         3d4       99%         3
 Call Canine Familiar     Summ           1%         N/A       100%        3
 Frozen Ramparts          Ice            2%         1d1       100%        3
 Kindle Blastsparks       Fire/Tloc/Air  2%         2d10      100%        3
 Portal Projectile        Hex/Tloc       2%         N/A       100%        3
 Fulminant Prism          Conj/Hex       2%         3d5       100%        4
 Iskenderun's Mystic Bla  Conj/Tloc      4%         2d3       100%        4
 Leda's Liquefaction      Hex/Erth       0%         N/A       100%        4
 Lee's Rapid Deconstruct  Erth           0%         3d4*      100%        5
 Malign Gateway           Summ/Tloc      0%         N/A       100%        7
 Summon Horrible Things   Summ           0%         N/A       100%        8


Dungeon Overview and Level Annotations

Branches:
Dungeon (7/15) Zot: 26678  Bailey (1/1) Zot: 5533
 Temple: D:4-7

Altars:
Nemelex Xobeh
Sif Muna
Xom

Annotations:
D:2 Sigmund
D:7 3 exclusions


Message History

Things that are here:
a +0 halberd; a +0 halberd; a +0 scale mail
As you read the scroll labelled REIFI POOPAE, it crumbles to dust.
You feel strangely unstable.
It was a scroll of teleportation.
Y - 3 scrolls of teleportation
As you read the scroll labelled UMIKKAPNIA, it crumbles to dust.
It is a scroll of identify.
s - 5 potions of curing;
J - 5 potions of curing;
Z - 3 scrolls of identify
As you read the scroll of identify, it crumbles to dust.
z - 4 potions of might;
M - 4 potions of might
As you read the scroll of identify, it crumbles to dust.
w - 3 potions of heal wounds;
N - 3 potions of heal wounds Your surroundings suddenly seem different. 2 orc knights come into view.
Found 4 scrolls of enchant weapon and 3 scrolls of enchant armour.
Found a gate leading back out of this place.
The orc knight shouts!
An orc knight comes into view. It is wielding a +0 halberd.
An orc warrior comes into view. It is wielding a +0 halberd.
Press: ? - help, v - describe, . - travel, g - get item Item here: a scroll of enchant armour.
The floor.
Unknown command.
The orc knight shouts!
You hear a shout!
The orc knight roars a battlecry!
The orcs go into a battle-frenzy!
An orc comes into view. It is wielding a +0 trident.
The orc knight roars a battlecry!
The orc knight goes into a battle-frenzy!
The orc knight hits you from afar with a +0 glaive!!
You see here a scroll of enchant weapon.
B - 5 scrolls of enchant weapon (gained 1)
The orc knight hits you from afar with a +0 glaive!!
The orc knight barely misses you.
There is a gate leading back out of this place here.
The orc knight hits you from afar with a +0 glaive!!
* * * LOW HITPOINT WARNING * * *
The orc warrior barely misses you.
The orc knight hits you from afar with a +0 trident!!
You die...

#######
##..@..##
#.......#
#..ooo..#
#..?o...#
#...o...#
#.......#
#.......#
#.......#
#.......#


You could see 3 orc knights, an orc warrior (strong) and an orc (strong).

Vanquished Creatures
  3 humans
  Menkaure (D:7)
  2 water moccasins
  3 orc warriors (Bailey)
  A black bear (D:4)
  An ice beast (D:5)
  3 ogres
  A centaur (D:5)
  3 phantoms
  3 scorpions
  3 hounds
  2 jellies
  A sleepcap (D:4)
  5 orc wizards
  7 iguanas
  3 gnolls (D:5)
  7 adders
  A shadow imp (D:6)
  2 ufetubi
  3 worms
  4 dart slugs
  23 orcs
  5 ball pythons
  6 endoplasms
  4 giant cockroaches
  13 goblins
  3 hobgoblins
  9 jackals
  9 kobolds
  5 quokkas
  3 bats
  5 frilled lizards
  4 rats (D:2)
148 creatures vanquished.

Notes
Turn   | Place    | Note
-------+----------+-------------------------------------------
     0 | D:1      | Twinkles the Hill Orc Reaver began the quest for the Orb.
     0 | D:1      | Reached XP level 1. HP: 18/18 MP: 3/3
   151 | D:1      | Reached XP level 2. HP: 20/25 MP: 4/4
   755 | D:1      | Reached skill level 1 in Armour
   921 | D:2      | Reached XP level 3. HP: 17/31 MP: 5/5
   925 | D:2      | HP: 9/31 [poisoned by an adder]
   947 | D:2      | HP: 8/31 [adder (3)]
   969 | D:1      | HP: 6/31 [poisoned by an adder]
   974 | D:1      | HP: 4/46 [poisoned by an adder]
   975 | D:1      | HP: 1/46 [adder (2)]
   977 | D:1      | Reached skill level 5 in Axes
  1255 | D:2      | HP: 5/31 [worm (6)]
  1565 | D:2      | Reached XP level 4. HP: 33/38 MP: 6/6
  1664 | D:2      | Noticed Sigmund
  2031 | D:2      | Found a shimmering blue altar of Sif Muna.
  2324 | D:3      | Found a shimmering altar of Xom.
  2936 | D:3      | Reached skill level 6 in Axes
  2936 | D:3      | Reached XP level 5. HP: 45/46 MP: 7/7
  3218 | D:4      | Noticed a phantom
  3247 | D:4      | Killed a phantom
  3248 | D:4      | Reached skill level 7 in Axes
  3248 | D:4      | Reached XP level 6. HP: 45/53 MP: 8/8
  3880 | D:4      | Reached XP level 7. HP: 29/60 MP: 9/9
  4071 | D:4      | Reached skill level 5 in Fighting
  4071 | D:4      | Reached skill level 8 in Axes
  4299 | D:5      | Entered Level 5 of the Dungeon
  4724 | D:5      | Reached skill level 9 in Axes
  4752 | D:5      | Reached XP level 8. HP: 55/70 MP: 10/10
  5094 | D:5      | Reached skill level 5 in Armour
  5308 | D:6      | Reached skill level 10 in Axes
  5586 | D:6      | Reached skill level 11 in Axes
  5586 | D:6      | Reached XP level 9. HP: 51/79 MP: 11/11
  6042 | D:7      | Found a sparkling altar of Nemelex Xobeh.
  6118 | D:7      | Noticed Menkaure
  6126 | D:7      | Killed Menkaure
  6302 | D:7      | Reached skill level 12 in Axes
  6357 | D:7      | Found a flagged portal.
  6365 | Bailey   | Entered a bailey
  6513 | Bailey   | HP: 24/81 [orc warrior/+0 glaive (10)]
  6823 | Bailey   | Noticed an orc knight
  6852 | Bailey   | Noticed an orc knight
  6852 | Bailey   | Noticed an orc knight
  6852 | Bailey   | Noticed an orc knight
  6859 | Bailey   | HP: 6/81 [orc knight/+0 glaive (27)]
  6859 | Bailey   | Demolished by an orc knight

Illustrated notes

Levels and vault maps discovered:
D:1:      dpeg_arrival_rooms_c, layout_basic, minmay_misc_feat_columns,
          supply_closet_lemuel, minmay_misc_feat_pillars
D:2:      minmay_diamond_boxcup, layout_basic, basic_altar, uniq_sigmund
D:3:      layout_basic, old_standard_altar
D:4:      layout_loops_corners, grunt_ministairs_12, minmay_misc_feat_encased,
          nicolae_eternal_life, st_stairs_5
D:5:      layout_basic, chequers_serial_rivers_small_a
D:6:      layout_basic, minmay_ruffians
D:7:      layout_basic, nemelex_xobeh_ov_fountains_minmay,
          minmay_temple_entry_arrows, enter_bailey_3, uniq_crazy_yiuf_cottage,
          uniq_menkaure
Bailey:   bailey_polearm_5, bailey

Skill      XL: |  1  2  3  4  5  6  7  8  9 |
---------------+----------------------------+-----
Armour         | 1 2 3 4 5 6 |  6.9
Fighting       | 3 4 5 7 8 |  8.0
Axes           | 5 6 7 9 11 12 | 12.4
Dodging        | |  1.5
Spellcasting   | |  1.5
Conjurations   | |  3.0

Action                     |  1- 3 |  4- 6 |  7- 9 || total
---------------------------+-------+-------+-------++-------
  Melee: Hand axe          |   104 |   276 |   544 ||   924
         Unarmed           |     3 |       |       ||     3
         Punch             |     2 |     1 |    10 ||    13
  Throw: Dart              |       |     4 |     1 ||     5
         Boomerang         |       |       |    41 ||    41
    Use: Potion            |     6 |       |       ||     6
         Scroll            |       |     1 |     4 ||     5
   Stab: Sleeping          |       |     1 |       ||     1
 Armour: Scale mail        |    48 |   138 |   213 ||   399
         Skin              |     4 |       |       ||     4
         Chain mail        |       |       |     6 ||     6
  Dodge: Dodged            |    46 |   124 |   191 ||   361

Table legend: (Time is in decaauts)
 A = Elapsed time spent in this place.
 B = Non-inter-level travel time spent in this place.
 C = Inter-level travel time spent in this place.
 D = Time resting spent in this place.
 E = Time spent auto-exploring this place.
 F = Levels seen in this place.
 G = Mean time per level.
                   A        B        C        D        E       F      G
               +--------+--------+--------+--------+--------+-----+--------+
         Total |   6759 |   6405 |    354 |    175 |   4271 |   8 |  844.9 |
       Dungeon |   6294 |   5940 |    354 |    130 |   4105 |   7 |  899.1 |
        Bailey |    465 |    465 |      0 |     45 |    166 |   1 |  465.0 |
               +--------+--------+--------+--------+--------+-----+--------+

Top non-repeatable levels by time:
     D:4: 1237 daAuts
     D:2: 1222 daAuts
     D:1: 1050 daAuts
     D:5: 1040 daAuts
     D:3: 791 daAuts
     D:6: 630 daAuts
  Bailey: 465 daAuts
     D:7: 322 daAuts
